Map: [TLMC9] Acid Plant

Players

INnoVation - Winner!

  • Race: Terran Terran
  • League: Master
  • Spawn Location: 5:00

soO

  • Race: Zerg Zerg
  • League: Grandmaster
  • Spawn Location: 11:00

VOD

Have the link to the VOD?

Description

Time

  • Played on: Sept. 20, 2017, 5:57 a.m.
  • Length: 17:17
Show
View Real Time Build Order
Export as new Build Order

INnoVation Terran - Winner!

Build Orders: Reaper Expand, Bio Tank, Hellion Banshee 

Get SALT Encoding   

  12  0:00  SCV  
  13  0:12  SCV  
  14  0:17  Supply Depot  
  14  0:24  SCV  
  15  0:38  SCV  
  15  0:40  Barracks  
  16  0:43  Refinery  
  16  0:50  SCV  
  17  1:02  SCV  
  18  1:14  SCV  
  19  1:27  Reaper, Orbital Command  
  20  1:40  Command Center  
  20  1:47  Supply Depot  
  20  1:52  SCV  
  21  1:58  Marine  
  22  2:04  SCV  
  22  2:07  Factory  
  23  2:12  Refinery  
  23  2:16  SCV  
  23  2:20  Barracks Reactor  
  24  2:28  SCV  
  25  2:40  SCV  
  26  2:51  Orbital Command  
  26  2:53  Starport, SCV  
  27  3:00  Hellion x2  
  27  3:04  Barracks Tech Lab  
  27  3:05  SCV  
  32  3:18  SCV x2  
  33  3:21  Hellion x2  
  37  3:27  Supply Depot  
  37  3:30  SCV x2  
  39  3:34  Viking, Barracks Tech Lab  
  39  3:35  Cloaking Field  
  41  3:42  SCV x2  
  41  3:44  Hellion  
  45  3:49  Hellion  
  45  3:51  Supply Depot  
  48  3:55  SCV  
  48  3:56  SCV  
  48  4:00  Stimpack  
  49  4:07  Banshee, SCV  
  49  4:08  SCV  
  54  4:21  Command Center  
  54  4:22  SCV x2  
  56  4:34  Factory Reactor, Barracks  
  56  4:36  SCV x2  
  58  4:38  Barracks  
  58  4:42  Marine  
  58  4:43  Supply Depot  
  59  4:48  SCV x2  
  59  4:52  Engineering Bay  
  61  4:53  Engineering Bay  
  61  4:59  Refinery  
  61  5:00  Refinery, SCV  
  61  5:04  Starport Reactor  
  61  5:05  Marine  
  61  5:07  Supply Depot  
  63  5:14  SCV x2  
  63  5:18  Terran Infantry Weapons Level 1  
  63  5:19  Terran Infantry Armor Level 1  
  65  5:23  Marine x2  
  65  5:27  SCV x2  
  66  5:30  Marine  
  66  5:33  Marine x2, Orbital Command  
  69  5:39  SCV x2  
  69  5:40  Medivac x2  
  69  5:42  Marine x2  
  75  5:45  Siege Tank  
  75  5:48  Marine  
  81  5:51  Marine x2, SCV  
  81  5:52  SCV  
  81  5:53  Supply Depot  
  85  5:57  Supply Depot  
  85  6:02  Marine x2  
  87  6:05  SCV x2  
  87  6:06  Marine, Orbital Command  
  87  6:07  Combat Shields  
  87  6:08  Marine  
  87  6:09  Marine  
  92  6:12  Armory  
  92  6:16  Supply Depot  
  92  6:18  SCV x2  
  94  6:19  Siege Tank  
  94  6:23  Marine  
  94  6:24  Marine x2  
  100  6:26  Marine x2  
  100  6:30  SCV x2  
  100  6:32  SCV  
  97  6:40  Barracks  
  97  6:42  SCV  
  97  6:43  SCV  
  97  6:44  SCV  
  97  6:46  Marine x4, Barracks  
  97  6:47  Marine  
  104  6:53  Siege Tank  
  108  6:57  SCV x3  
  111  7:02  Supply Depot  
  111  7:04  Supply Depot  
  111  7:12  Marine x3  
  111  7:13  Marine x2  
  111  7:14  Terran Infantry Armor Level 2, Terran Infantry Weapons Level 2  
  116  7:20  Supply Depot, SCV  
  117  7:23  SCV x2  
  117  7:26  Supply Depot  
  117  7:27  Refinery, Barracks Reactor, Siege Tank, Supply Depot  
  122  7:31  Marine  
  122  7:32  Marine x4  
  127  7:38  Barracks Reactor  
  127  7:40  Medivac x2  
  127  7:41  Supply Depot  
  131  7:47  Terran Vehicle And Ship Armor Level 1  
  131  7:49  Barracks  
  131  7:51  Barracks x2  
  131  7:54  Marine x3  
  131  7:55  Marine x2  
  136  8:04  Siege Tank  
  139  8:06  Marine  
  139  8:07  Marine  
  139  8:10  SCV x3  
  139  8:12  Marine x3  
  145  8:13  Refinery, Supply Depot  
  145  8:15  Medivac x2  
  145  8:16  Marauder  
  145  8:17  Marine x3  
  145  8:19  Concussive Shells  
  156  8:24  Marine  
  157  8:27  SCV x3  
  157  8:30  Supply Depot  
  160  8:36  Siege Tank  
  160  8:37  Marauder  
  160  8:38  Barracks Tech Lab x2  
  160  8:39  Barracks Tech Lab  
  165  8:41  Command Center  
  165  8:42  Marine x2  
  165  8:47  Medivac x2  
  171  8:50  Supply Depot  
  171  8:52  Supply Depot  
  171  8:56  Marine x5  
  171  8:59  Marauder  
  171  9:00  Marauder  
  180  9:11  Marauder  
  180  9:12  Siege Tank, Marauder  
  180  9:14  Marine  
  180  9:15  Marine x7  
  190  9:19  Medivac x2  
  190  9:20  Marauder  
  196  9:28  Sensor Tower  
  196  9:33  Marauder  
  196  9:34  Marine x3, Marauder  
  196  9:35  Marauder  
  196  9:37  Marine  
  196  9:46  Terran Infantry Weapons Level 3  
  196  9:51  Marine x3, Marauder  
  196  9:52  Marine x4  
  197  9:54  Marine  
  197  9:55  Marine  
  197  9:59  Terran Infantry Armor Level 3  
  200  10:09  Marine  
  200  10:10  Siege Tank  
  166  10:17  Marine x6, Marauder x3  
  166  10:19  Marine x2  
  174  10:21  Liberator x2  
  174  10:27  Marine  
  148  10:35  Marine x6  
  140  10:37  Marine, Marauder  
  140  10:38  Marauder x2  
  155  10:43  Planetary Fortress  
  155  10:46  Marine x2  
  157  10:53  Marine x5, Siege Tank  
  165  10:57  Marine x2  
  165  10:59  Marauder  
  165  11:00  Marauder x2  
  165  11:03  Marine  
  174  11:07  Liberator  
  174  11:10  Liberator  
  174  11:11  Command Center  
  174  11:16  Marauder  
  174  11:20  Marauder  
  174  11:21  Marine x8, Marauder x2  
  192  11:33  Siege Tank  
  192  11:37  Marine  
  192  11:39  Marine x4  
  199  11:51  Liberator  
  199  11:53  Liberator  
  194  12:07  Siege Tank  
  151  12:09  Marine x6, Marauder x3  
  151  12:10  Marine x2, Marauder  
  168  12:20  Refinery  
  168  12:21  Refinery  
  168  12:22  Starport  
  168  12:23  Starport  
  168  12:26  Planetary Fortress  
  168  12:27  Marine x7, SCV x2  
  168  12:28  SCV  
  178  12:34  Marine, Marauder x4  
  178  12:37  Liberator x2  
  187  12:45  Marine x2, Siege Tank  
  192  12:51  SCV  
  192  12:58  Marauder  
  200  13:14  Terran Vehicle And Ship Armor Level 2  
  200  13:16  Hi-Sec Auto Tracking, Building Armor  
  200  13:17  Supply Depot  
  200  13:18  Refinery x2  
  200  13:21  Marauder x2  
  199  13:33  Starport Reactor  
  194  13:34  Starport Reactor  
  194  13:35  Marine x2, Marauder x2  
  194  13:40  SCV x3  
  198  13:43  Marauder  
  189  13:52  Marine, SCV x3, Marauder  
  189  13:55  Medivac x2  
  197  13:57  Liberator x3  
  195  14:06  Marine, Marauder x2  
  180  14:18  Marine x7, Marauder x2  
  180  14:23  Marine  
  175  14:27  Marine, Marauder  
  158  14:31  SCV x2  
  158  14:32  SCV  
  158  14:35  Marine  
  158  14:36  Marine x3  
  163  14:40  Medivac x2  
  163  14:42  Marine x2, Marauder x2  
  163  14:43  SCV  
  163  14:44  SCV x2  
  163  14:45  Marauder  
  178  14:48  Siege Tank, Marauder  
  178  14:51  Liberator  
  178  14:52  Liberator  
  183  14:55  Supply Depot  
  183  14:56  Marine  
  183  14:57  Marine  
  183  14:58  Marine  
  185  15:01  Marine  
  185  15:02  Marine  
  185  15:03  Marine x3, Marauder x2  
  198  15:27  Supply Depot  
  198  15:34  Liberator x4, Supply Depot  
  198  15:35  Liberator  
  198  15:44  Marauder  
  182  15:55  Marauder x3  
  200  16:11  Liberator  
  200  16:13  Command Center  
  200  16:21  Marine  
  198  16:31  Marine x3, Marauder x2  
  198  16:32  Marine x2  
  193  16:38  Supply Depot  
  195  16:47  Marine, Marauder x2  
  195  16:48  Marine x2  
  177  16:57  Marine x6  
  177  16:59  SCV x3  
Show
View Real Time Build Order
Export as new Build Order

soO Zerg 

Build Orders: Pool First 

Get SALT Encoding   

  12  0:00  Drone  
  13  0:12  Overlord  
  13  0:16  Drone  
  14  0:30  Drone x2  
  14  0:34  Drone  
  17  0:45  Drone  
  17  0:46  Extractor  
  17  0:49  Spawning Pool  
  16  0:55  Drone  
  17  1:06  Drone  
  18  1:17  Hatchery  
  17  1:21  Drone  
  18  1:36  Queen, Zergling x2  
  21  1:42  Overlord  
  21  1:50  Metabolic Boost  
  21  1:53  Drone  
  22  2:01  Drone  
  23  2:10  Drone  
  23  2:11  Queen  
  26  2:25  Drone  
  26  2:29  Queen, Drone  
  30  2:33  Drone  
  31  2:40  Overlord  
  31  2:43  Drone  
  32  2:46  Drone x3  
  35  2:53  Drone  
  35  2:54  Pneumatized Carapace  
  36  3:04  Drone x2  
  38  3:11  Hatchery  
  37  3:14  Drone x2  
  37  3:19  Overlord  
  39  3:22  Drone x2  
  41  3:29  Drone  
  41  3:33  Overlord, Drone x2  
  44  3:37  Queen  
  44  3:40  Drone  
  47  3:42  Drone  
  48  3:50  Zergling x6  
  48  3:51  Zergling x2  
  52  3:58  Overlord  
  52  4:00  Drone  
  52  4:01  Drone x2  
  52  4:02  Lair, Drone  
  56  4:07  Drone x2  
  58  4:19  Overlord  
  58  4:20  Queen, Extractor  
  58  4:23  Extractor, Baneling Nest  
  57  4:26  Zergling x2  
  57  4:28  Queen  
  57  4:29  Drone  
  57  4:30  Drone x4  
  65  4:36  Drone  
  65  4:38  Overlord  
  66  4:39  Drone x2  
  68  4:48  Drone x2  
  68  4:52  Spore Crawler  
  69  4:53  Spore Crawler  
  69  4:55  Spore Crawler  
  69  4:56  Drone  
  69  4:58  Drone x2  
  69  4:59  Evolution Chamber  
  69  5:01  Evolution Chamber, Zergling x2  
  69  5:03  Drone x4  
  73  5:07  Overseer  
  73  5:09  Centrifical Hooks  
  73  5:11  Drone  
  74  5:14  Drone x2  
  74  5:16  Drone  
  77  5:24  Drone x3  
  77  5:27  Zerg Ground Armor Level 1, Drone  
  77  5:28  Drone x2  
  82  5:29  Overlord, Extractor  
  82  5:31  Extractor  
  82  5:32  Drone  
  82  5:34  Drone  
  82  5:37  Zerg Melee Weapons Level 1  
  82  5:40  Overlord x2  
  82  5:52  Hatchery  
  82  5:56  Drone  
  82  5:57  Overlord  
  82  6:01  Zergling x2  
  82  6:02  Zergling x12  
  89  6:07  Drone  
  89  6:09  Drone  
  91  6:15  Drone  
  91  6:17  Hydralisk Den  
  91  6:20  Zergling x14  
  91  6:21  Baneling x2  
  91  6:22  Hatchery  
  91  6:23  Zergling x4  
  91  6:25  Baneling x4  
  99  6:32  Zergling x2  
  99  6:34  Zergling x2  
  99  6:38  Zergling x4  
  98  6:40  Zergling x2  
  98  6:49  Overlord  
  98  6:50  Overlord  
  98  6:51  Muscular Augments  
  98  6:52  Hydralisk x4  
  106  6:55  Overlord  
  106  6:58  Overlord  
  106  7:00  Overlord  
  106  7:03  Hydralisk x2, Overlord  
  106  7:04  Hydralisk  
  112  7:13  Hydralisk x4  
  120  7:26  Drone x7  
  127  7:33  Zerg Melee Weapons Level 2, Zerg Ground Armor Level 2  
  127  7:36  Hydralisk x3  
  133  7:39  Baneling x4  
  133  7:40  Zergling x6  
  133  7:41  Zergling x2  
  137  7:47  Drone x2  
  139  7:52  Baneling x2  
  139  7:53  Baneling x3  
  139  7:56  Zergling x20  
  149  7:59  Drone  
  150  8:07  Drone  
  150  8:08  Infestation Pit  
  150  8:09  Drone x6  
  150  8:10  Overlord  
  150  8:12  Extractor x2  
  154  8:13  Overseer, Drone x2  
  156  8:20  Overlord x2  
  156  8:28  Zergling x12  
  161  8:39  Overlord x2  
  161  8:41  Zergling x20  
  170  8:44  Baneling x4  
  170  8:49  Drone  
  170  8:50  Spore Crawler  
  170  8:55  Hive  
  170  8:57  Burrow  
  170  8:58  Zergling x26  
  183  9:11  Baneling x2  
  183  9:12  Baneling x16  
  181  9:17  Baneling x10  
  181  9:18  Baneling x4  
  181  9:21  Zergling x6  
  181  9:22  Zergling x12  
  190  9:34  Zergling x6  
  190  9:35  Zergling x14  
  182  9:46  Zergling x2  
  182  9:47  Zergling x18  
  189  9:54  Baneling x16  
  189  9:55  Baneling x4  
  189  10:05  Zergling x4  
  187  10:08  Zergling x2  
  187  10:09  Zergling x2  
  187  10:12  Zergling x2  
  187  10:13  Zergling x2  
  187  10:14  Zergling x4  
  166  10:16  Zergling x20  
  167  10:24  Zergling x6  
  167  10:25  Zergling x2  
  167  10:27  Zergling x4  
  158  10:32  Viper x3  
  158  10:33  Zergling x12  
  158  10:36  Extractor  
  158  10:37  Hydralisk  
  158  10:38  Hydralisk x2  
  158  10:41  Drone  
  164  10:46  Zerg Ground Armor Level 3  
  164  10:54  Adrenal Glands  
  164  10:55  Hatchery  
  163  10:59  Zergling x20  
  173  11:13  Zergling x18  
  173  11:14  Ultralisk Cavern  
  179  11:20  Zergling x6  
  179  11:21  Zergling x10  
  179  11:23  Overlord x2  
  178  11:29  Zergling x12  
  178  11:31  Baneling x11  
  181  11:38  Zergling x6  
  178  11:41  Baneling x7  
  178  11:42  Baneling x6  
  171  11:48  Hydralisk x5  
  171  11:51  Drone  
  141  12:11  Zergling x2  
  141  12:12  Zergling x28  
  149  12:17  Baneling  
  149  12:18  Baneling x5  
  149  12:19  Zerg Melee Weapons Level 3  
  149  12:22  Hatchery  
  148  12:27  Chitinous Plating  
  148  12:38  Baneling x6  
  148  12:40  Ultralisk  
  154  12:49  Ultralisk  
  160  12:56  Ultralisk, Zergling x6  
  168  13:11  Ultralisk  
  170  13:15  Zergling x14  
  176  13:33  Ultralisk, Zergling x2  
  176  13:34  Zergling x12  
  168  13:41  Baneling x14  
  164  13:43  Zergling x16  
  167  13:51  Zergling x10  
  167  13:52  Baneling  
  119  14:28  Ultralisk  
  119  14:29  Zergling x14  
  124  14:39  Hydralisk x2  
  124  14:40  Hydralisk x6  
  140  14:47  Baneling x5  
  140  14:48  Baneling  
  140  14:53  Hatchery  
  139  15:01  Hydralisk x3  
  139  15:06  Zergling x2  
  139  15:07  Zergling x2  
  146  15:19  Ultralisk  
  146  15:20  Zergling x2  
  153  15:23  Zergling x6  
  153  15:27  Hydralisk  
  156  15:39  Baneling x6  
  156  15:42  Zergling x10  
  151  15:56  Ultralisk  
  156  16:04  Baneling  
  156  16:05  Baneling x5  
  156  16:06  Zergling x6  
  156  16:07  Zergling x2  
  160  16:15  Hydralisk x3  
  162  16:32  Zergling x18  
  137  16:42  Zergling x4  
  137  16:43  Zergling x8  
  126  16:51  Zergling x8  
Tags
 
Add a new tag
Caveats
  • Supply blocks, unpowered buildings, or Contaminate may cause inaccurate times.
  • Supply counts are checked every 10 seconds.